 Dungeon Crawl Stone Soup version 0.31.0-12-g77e489cdc1 (webtiles) character file.

Game seed: 18095812317401692733

260 McKennaii the Conjurer (level 5, -2/38 HPs)
             Began as a Demigod Conjurer on Feb 28, 2024.
             Slain by a hound (5 damage)
             ... on level 5 of the Dungeon.
             The game lasted 00:02:36 (4690 turns).

McKennaii the Conjurer (Demigod Conjurer)           Turns: 4690, Time: 00:02:36

Health: -2/38      AC:  3    Str:  8    XL:     5   Next: 63%
Magic:  6/13       EV: 12    Int: 33    God:
Gold:   177        SH:  0    Dex: 12    Spells: 4/11 levels left

rFire   . . .        (no weapon)
rCold   + . .        (no shield)
rNeg    . . .        q - +1 robe "Bobavok" {Will- Int+3 SInv Archmagi}
rPois   .            (no helmet)
rElec   .            (no cloak)
rCorr   .            (no gloves)
SInv    +            (no boots)
Will    .....        c - amulet of regeneration
Stlth   ++           f - ring of protection from cold
HPRegen 1.06/turn    n - +6 ring of intelligence
MPRegen 0.13/turn

%: archmagi
@: no status effects
A: high MP 1, forlorn, divine attributes
a: no special abilities


You were on level 5 of the Dungeon.
You visited 1 branch of the dungeon, and saw 5 of its levels.

You collected 177 gold pieces.

Inventory:

Armour
 q - the +1 robe "Bobavok" (worn) {Will- Int+3 SInv Archmagi}
   (You found it on level 4 of the Dungeon)

   Int+3:     It affects your intelligence (+3).
   Will-:     It decreases your willpower.
   SInv:      It lets you see invisible.
   Archmagi:  It increases the power of your magical spells.
Jewellery
 c - an amulet of regeneration (around neck)
 f - a ring of protection from cold (left hand)
 g - a ring of flight
 n - a +6 ring of intelligence (right hand)
Wands
 p - a wand of iceblast (8)
Scrolls
 a - a scroll of noise {unknown}
 d - 2 scrolls of immolation {unknown}
 e - 5 scrolls of identify {unknown}
 j - a scroll of enchant armour {unknown}
 k - 2 scrolls of poison {unknown}
 l - a scroll of fog {unknown}
 m - a scroll of teleportation {unknown}
 o - a scroll of fear {unknown}
Potions
 b - 4 potions of magic
 h - 2 potions of brilliance {unknown}
 i - 2 potions of curing {unknown}


   Skills:
 - Level 1.7 Dodging
 - Level 1.7 Stealth
 + Level 3.9 Spellcasting
 + Level 5.3 Conjurations


You had 4 spell levels left.
You knew the following spells:

 Your Spells              Type           Power      Damage    Failure   Level
a - Magic Dart            Conj           100%       1d8       1%          1
b - Searing Ray           Conj           100%       2d8       1%          2
c - Iskenderun's Mystic   Conj/Tloc      36%        2d9       19%         4

Your spell library contained the following spells:

 Spells                   Type           Power      Damage    Failure   Level
 Necrotise                Necr           36%        1d5       5%          1
 Summon Small Mammal      Summ           36%        N/A       5%          1
 Call Imp                 Summ           18%        N/A       9%          2
 Ensorcelled Hibernation  Hex/Ice        18%        N/A       9%          2
 Sublimation of Blood     Necr           9%         N/A       9%          2
 Call Canine Familiar     Summ           9%         N/A       16%         3
 Passwall                 Erth           9%         N/A       16%         3
 Swiftness                Air            9%         N/A       16%         3
 Vampiric Draining        Necr           9%         2d6       16%         3
 Fulminant Prism          Conj/Alch      18%        3d10      19%         4
 Martyr's Knell           Necr/Summ      9%         N/A       47%         4
 Summon Blazeheart Golem  Fire/Summ      9%         N/A       47%         4
 Curse of Agony           Necr           9%         N/A       83%         5
 Summon Hydra             Summ           4%         N/A       100%        7


Dungeon Overview and Level Annotations

Branches:
Dungeon (5/15)
 Temple: D:4-7


Innate Abilities, Weirdness & Mutations

You have an increased reservoir of magic. (+10% MP)
You shall have no god before yourself.
Your divine heritage dramatically boosts your attributes as you level up.


Message History

You feel a surge of power!
The magic dart hits the centaur but does no damage.
The centaur is lightly wounded.
The centaur shoots an arrow.
The arrow hits you.
The centaur shoots an arrow.
The arrow barely misses you.
You feel a surge of power!
The magic dart hits the hound.
The hound is lightly wounded.
A hound comes into view.
A scorpion comes into view.
The hound closely misses you.
The centaur shoots an arrow.
The arrow hits you! The hound barely misses you. The hound bites you.
The hound attacks as it pursues you! The hound bites you but does no damage.
The hound barely misses you.
Casting: Magic Dart (safe; 1% risk of failure)
Confirm with . or Enter, or press ? or * to list all spells.
Okay, then.
Casting: Iskenderun's Mystic Blast (quite dangerous; 19% risk of failure)
Confirm with . or Enter, or press ? or * to list all spells.
Aiming: Searing Ray (safe; 1% risk of failure)
Press: ? - help, Shift-Dir - straight line, f - hound, p - hound
Aim: a hound (wandering, hasn't noticed you, 76% to hit)
You feel a surge of power!
The searing ray hits the hound!
The hound is severely wounded.
The searing ray hits the hound!
The hound is severely wounded.
The hound barks! (Press . to maintain the ray.) Unknown command.
The hound bites you. The hound bites you but does no damage.
The searing ray hits the centaur.
The centaur is moderately wounded.
The centaur shoots an arrow.
The arrow hits you!
* * * LOW HITPOINT WARNING * * *
The hound barely misses you.
Unknown command.
The searing ray hits the hound!
You kill the hound!
You finish channelling your searing ray.
The hound bites you.
You die...

..#...#.#......###.#
#.....#.#.####.....#
####......[.#
#..####
..........### #...#
..#.....# #.#.#
........# #.#.#
..##....######.#..
.##h.........#.##..
#.@#..........
.......##h.......#.
...........$.......
.....#####..c...!.#
..... #........#
.... ###s##...# ...
.# .### ... .# # ..


You could see a hound.

Vanquished Creatures
  2 hounds
  2 bombardier beetles (D:4)
  An iguana (D:4)
  A gnoll (D:1)
  6 adders
  2 ribbon worms (D:3)
  2 orcs
  2 bats
  5 endoplasms
  4 giant cockroaches (D:1)
  4 goblins
  6 hobgoblins
  8 jackals
  12 kobolds
  2 quokkas
  6 ball pythons
  5 frilled lizards
  7 rats
77 creatures vanquished.

Notes
Turn   | Place    | Note
-------+----------+-------------------------------------------
     0 | D:1      | McKennaii the Demigod Conjurer began the quest for the Orb.
     0 | D:1      | Reached XP level 1. HP: 14/14 MP: 5/5
   362 | D:1      | Reached XP level 2. HP: 20/20 MP: 4/7
   365 | D:1      | Learned a level 2 spell: Searing Ray
   741 | D:1      | Reached skill level 4 in Conjurations
  1044 | D:1      | Reached XP level 3. HP: 24/26 MP: 1/9
  2563 | D:2      | Reached XP level 4. HP: 33/33 MP: 8/11
  2568 | D:2      | Learned a level 4 spell: Iskenderun's Mystic Blast
  3571 | D:4      | Reached skill level 5 in Conjurations
  3571 | D:4      | Reached XP level 5. HP: 38/38 MP: 5/13
  3776 | D:4      | Identified the +1 robe "Bobavok" {Will- Int+3 SInv
                  | Archmagi}
  4648 | D:5      | Entered Level 5 of the Dungeon
  4679 | D:5      | Noticed a centaur
  4690 | D:5      | Slain by a hound

Illustrated notes

Levels and vault maps discovered:
D:1:      mrwooster_arrival_statue_3, layout_basic,
          chequers_ecumenical_altar_simple_redux
D:2:      layout_basic
D:3:      layout_rooms, nicolae_tso_swordbearing_angel, old_standard_altar,
          minitemple
D:4:      layout_cave_pods, hangedman_abyss_or_decor_jellyfish_corner
D:5:      layout_rooms, mainiacjoe_overflow_brackets

Skill      XL: |  1  2  3  4 |
---------------+-------------+-----
Spellcasting   | 2 3 |  3.9
Conjurations   | 4 5 |  5.3
Dodging        | |  1.7
Stealth        | |  1.7

Action                     |  1- 3 |  4- 6 || total
---------------------------+-------+-------++-------
  Melee: Unarmed           |    25 |       ||    25
   Cast: Magic Dart        |   102 |    74 ||   176
         Searing Ray       |       |     5 ||     5
 Armour: Robe              |    36 |    18 ||    54
  Dodge: Dodged            |    37 |    16 ||    53
